 Dungeon Crawl Stone Soup version 0.21.1-1-g345015f (webtiles) character file.

222 sking99 the Skirmisher (level 5, -6/54 HPs)
             Began as an Ogre Transmuter on June 20, 2018.
             Killed by divine providence
             ... invoked by an orc priest
              (15 damage)
             ... on level 4 of the Dungeon.
             The game lasted 00:23:32 (4171 turns).

sking99 the Skirmisher (Ogre Transmuter)            Turns: 4171, Time: 00:23:32

Health: -6/54      AC:  3    Str: 14    XL:     5   Next: 99%
Magic:  7/8        EV: 10    Int: 15    God:
Gold:   105        SH:  0    Dex:  9    Spells: 3/8 levels left

rFire    . . .     SeeInvis .     - Unarmed
rCold    . . .     Gourm    .   (no shield)
rNeg     . . .     Faith    .   b - +0 robe
rPois    .         Spirit   .   (helmet restricted)
rElec    .         Reflect  .   (no cloak)
rCorr    .         Harm     .   (gloves unavailable)
MR       .....                  (boots unavailable)
Stlth    +.........             (no amulet)
HPRegen  0.18/turn              o - ring of flight
MPRegen  0.11/turn              (no ring)

@: no status effects
A: large, unfitting armour, tough skin 1
a: Evoke Flight


You were on level 4 of the Dungeon.
You were not hungry.

You visited 1 branch of the dungeon, and saw 4 of its levels.

You collected 105 gold pieces.

Inventory:

Missiles
 a - 31 arrows (quivered)
Armour
 b - a +0 robe (worn)
Jewellery
 o - a ring of flight (left hand)
Wands
 p - a wand of paralysis (14)
Scrolls
 g - 3 scrolls of identify
 k - a scroll of remove curse
Potions
 e - a potion of haste {unknown}
 h - a potion of berserk rage {unknown}
 j - 2 potions of flight
 l - a potion of degeneration {unknown}
 m - 2 potions of heal wounds {unknown}
Books
 c - a book of Changes

   Spells                             Type                      Level
   a - Beastly Appendage              Transmutation                1
   b - Sticks to Snakes               Transmutation                2
   c - Spider Form                    Transmutation/Poison         3
   d - Ice Form                       Ice/Transmutation            4
   e - Blade Hands                    Transmutation                5
Comestibles
 d - 4 rations


   Skills:
 + Level 4.1 Fighting
 + Level 3.1 Dodging
 + Level 3.9 Unarmed Combat
 + Level 2.4 Spellcasting
 + Level 2.1 Transmutations
 - Level 1.0 Poison Magic


You had 3 spell levels left.
You knew the following spells:

 Your Spells              Type           Power        Failure   Level  Hunger
b - Sticks to Snakes      Tmut           #.......     13%         2    ###....
c - Spider Form           Tmut/Pois      #.........   32%         3    ###....


Dungeon Overview and Level Annotations

Branches:
Dungeon (4/15)
 Temple: D:4-7

Altars:


Innate Abilities, Weirdness & Mutations

You are too large for most types of armour.
You have tough skin. (AC +1)


Message History

The orc wizard hits you but does no damage.
You hit the orc but do no damage.
The orc is poisoned.
The orc is lightly wounded.
The orc barely misses you. The orc priest closely misses you.
The orc wizard hits you with a dagger.
You closely miss the orc priest.
Your transformation has ended.
Your +0 robe unmelds from your body.
The orc closely misses you. The orc priest hits you with a war axe.
The orc wizard hits you with a dagger.
You kill the orc!
The orc priest mumbles some strange prayers to Beogh against you.
Beogh smites you!
The orc wizard casts a spell.
The orc wizard blinks!
The orc priest invokes the aid of Beogh against you.
Beogh smites you!
* * * LOW HITPOINT WARNING * * *
The orc priest invokes the aid of Beogh against you.
Beogh smites you!
You die...

######.########
#..............
######.####.#.######
#........##.#.#
#.#########.#.# #......<#
#.#.# ###########.#.#
#......#.#.# #########
#.####.#.#@########........
#.............o..o......)..
...#..#.#.########.#.###)...
#..#.#.########.#.####.##
... #.#..........#........
#.#. ..#################.##
#.S ... .........## #>. ....
........... .## ...........


You could see an orc priest and an orc wizard.

Vanquished Creatures
  A centaur (D:2)
  Ijyb (D:3)
  4 gnolls
  An ooze (D:2)
  2 worms
  2 dart slugs
  A leopard gecko (D:2)
  6 orcs
  2 ball pythons (D:2)
  4 bats
  3 giant cockroaches
  5 goblins
  5 hobgoblins
  A frilled lizard (D:3)
  5 kobolds (D:2)
  4 rats
47 creatures vanquished.

Vanquished Creatures (collateral kills)
  3 adders
  A leopard gecko (D:3)
  A kobold (D:3)
5 creatures vanquished.

Grand Total: 52 creatures vanquished

Notes
Turn   | Place    | Note
-------+----------+-------------------------------------------
     0 | D:1      | sking99 the Ogre Transmuter began the quest for the Orb.
     0 | D:1      | Reached XP level 1. HP: 19/19 MP: 3/3
   648 | D:2      | Reached XP level 2. HP: 26/28 MP: 3/5
   781 | D:2      | Reached skill level 2 in Fighting
  1510 | D:2      | Reached XP level 3. HP: 35/36 MP: 6/6
  1514 | D:2      | Learned a level 2 spell: Sticks to Snakes
  1518 | D:2      | Learned a level 3 spell: Spider Form
  2129 | D:2      | Reached skill level 1 in Poison Magic
  2292 | D:2      | Noticed a centaur
  2308 | D:2      | Reached XP level 4. HP: 33/44 MP: 5/7
  2325 | D:2      | Killed a centaur
  2325 | D:2      | Reached skill level 3 in Fighting
  2325 | D:2      | Reached XP level 5. HP: 16/53 MP: 3/8
  3481 | D:3      | Noticed Ijyb
  3501 | D:3      | Killed Ijyb
  3501 | D:3      | Reached skill level 4 in Fighting
  4171 | D:4      | Killed from afar by an orc priest

Skill      XL: |  1  2  3  4  5 |
---------------+----------------+-----
Dodging        | 2 3 |  3.1
Fighting       | 2 3 4 |  4.1
Unarmed Combat | 3 |  3.9
Transmutations | 2 |  2.1
Poison Magic   | 1 |  1.0
Spellcasting   | |  2.4

Action                   |  1- 3 |  4- 6 || total
-------------------------+-------+-------++-------
Melee: Unarmed           |   127 |    71 ||   198
       Kick              |     2 |       ||     2
       Headbutt          |     2 |       ||     2
       Punch             |     2 |       ||     2
 Cast: Beastly Appendage |     6 |       ||     6
       Sticks to Snakes  |     3 |    15 ||    18
       Spider Form       |     2 |     9 ||    11
  Use: Scroll            |       |     7 ||     7
  Eat: Ration            |     1 |     2 ||     3
       Chunk             |     1 |     5 ||     6
Armor: Robe              |    33 |    25 ||    58
       Skin              |     1 |     1 ||     2
Dodge: Dodged            |    56 |    63 ||   119
